 Dungeon Crawl Stone Soup version 0.28.0-43-g3370ac3207 (webtiles) character file.

Game seed: 5220648791803538283

175 fknight the Chopper (level 5, -1/38 (47) HPs)
             Began as a Hill Orc Monk on Mar 4, 2022.
             Slain by a gnoll
             ... wielding a +0 halberd
              (12 damage)
             ... on level 3 of the Dungeon.
             The game lasted 00:09:34 (3738 turns).

fknight the Chopper (Hill Orc Monk)                 Turns: 3738, Time: 00:09:35

HP:   -1/38 (47)    AC:  8    Str: 16    XL:     5   Next: 55%
MP:   5/5           EV: 10    Int: 10    God:
Gold: 79            SH:  0    Dex: 13    Spells: 4/4 levels left

rFire   . . .      SeeInvis .   a - +0 hand axe
rCold   . . .      Faith    .   (no shield)
rNeg    . . .      Spirit   .   n - +0 scale mail
rPois   +          Reflect  .   (no helmet)
rElec   .          Harm     .   (no cloak)
rCorr   +          Rampage  .   i - +1 pair of gloves
Will    .....                   (no boots)
Stlth   +.........              (no amulet)
HPRegen 0.12/turn               p - ring of resist corrosion
MPRegen 0.09/turn               o - ring of poison resistance

@: heavily drained
A: no striking features
a: no special abilities


You were on level 3 of the Dungeon.
You visited 1 branch of the dungeon, and saw 3 of its levels.

You collected 79 gold pieces.

Inventory:

Hand Weapons
 a - a +0 hand axe (weapon)
 h - a +2 dagger of freezing
 k - a +1 dagger of draining
 v - a +0 hunting sling
Missiles
 b - 5 javelins
 f - 108 stones (quivered)
 g - 41 bolts
 r - 15 sling bullets
Armour
 i - a +1 pair of gloves (worn)
 n - a +0 scale mail (worn)
 q - a +0 leather armour of fire resistance
Jewellery
 o - a ring of poison resistance (right hand)
 p - a ring of resist corrosion (left hand)
Wands
 c - a wand of iceblast (11)
Scrolls
 m - a scroll of vulnerability {unknown}
Potions
 d - a potion of degeneration {unknown}
 e - 2 potions of haste {unknown}
 j - a potion of attraction {unknown}
 l - 2 potions of curing {unknown}
 t - a potion of heal wounds {unknown}


   Skills:
 + Level 4.8 Fighting
 + Level 5.2 Axes
 + Level 3.2 Dodging
 + Level 2.8 Stealth


You had 4 spell levels left.
You didn't know any spells.
Your spell library contained the following spells:

 Spells                   Type           Power      Damage    Failure   Level
 Static Discharge         Conj/Air       0%         N/A       91%         2
 Ignite Poison            Fire/Tmut/Pois 0%         N/A       99%         3
 Mephitic Cloud           Conj/Pois/Air  0%         N/A       99%         3
 Animate Dead             Necr           0%         N/A       100%        4
 Dispel Undead            Necr           0%         3d6       100%        4
 Sticky Flame             Conj/Fire      0%         2d3       100%        4
 Borgnjor's Vile Clutch   Necr/Erth      0%         N/A       100%        5
 Freezing Cloud           Conj/Ice/Air   0%         6-21      100%        5
 Death Channel            Necr           0%         N/A       100%        6


Dungeon Overview and Level Annotations

Branches:
Dungeon (3/15)

Altars:
Makhleb


Message History

The endoplasm quivers.
The endoplasm hits you but does no damage.
You hit the endoplasm.
The endoplasm is lightly wounded.
The endoplasm hits you.
You slash the endoplasm!
You kill the endoplasm!
A gnoll comes into view.
It is wielding a +0 whip and quivering poisoned darts.
The gnoll closely misses you.
The gnoll shouts!
You hit the gnoll but do no damage. The gnoll closely misses you.
You slash the gnoll!
The gnoll is heavily wounded.
The gnoll barely misses you.
You slash the gnoll!
You kill the gnoll!
A gnoll comes into view. It is wielding a +0 club.
The gnoll shouts!
Things that are here:
a +0 whip; 6 poisoned darts; a gnoll corpse You closely miss the gnoll.
The gnoll hits you with a +0 club.
You closely miss the gnoll. Your punch misses the gnoll.
The gnoll hits you from afar with a +0 halberd.
The gnoll hits you but does no damage.
You barely miss the gnoll. The gnoll barely misses you.
The gnoll hits you with a +0 club.
You hit the gnoll.
The gnoll is lightly wounded.
The gnoll closely misses you. The gnoll barely misses you.
The gnoll hits you from afar with a +0 halberd!
You hit the gnoll.
The gnoll is heavily wounded.
The gnoll hits you but does no damage.
The gnoll hits you from afar with a +0 halberd.
You hit the gnoll.
The gnoll is severely wounded.
The gnoll hits you with a +0 club.
* * * LOW HITPOINT WARNING * * *
The gnoll hits you from afar with a +0 halberd!
You die...

#####.# #.. #.#. #.# #.#
##.#
#.#################.####
###
#.##............>......#
#.##............######.###
### #.##..###########
#..r..# ..###.##§§#
#÷....####
...##.##..###########
#<........
.#.........[.ggg@...#
#.....####
...#####.##########.#
#.....# #.## #.# #.#
####### ..# #.##### #.#
..# #.....# #.# ### ..#
#####.# #.###.## ..####
#.# #....#.# .....#
###.### #####.## ..##.#
#.....# #.#


You could see 3 gnolls.

Vanquished Creatures
  An iguana (D:3)
  Ijyb (D:3)
  A gnoll (D:3)
  6 adders
  A dart slug (D:1)
  5 bats
  6 endoplasms
  A giant cockroach (D:2)
  11 goblins
  5 hobgoblins
  3 jackals (D:3)
  3 kobolds
  A quokka (D:2)
  5 ball pythons
  3 frilled lizards
  7 rats
  A spectral goblin (D:1)
61 creatures vanquished.

Notes
Turn   | Place    | Note
-------+----------+-------------------------------------------
     0 | D:1      | fknight the Hill Orc Monk began the quest for the Orb.
     0 | D:1      | Reached XP level 1. HP: 19/19 MP: 1/1
   110 | D:1      | Reached XP level 2. HP: 19/27 MP: 2/2
   715 | D:1      | Found a faded altar of an unknown god.
   810 | D:1      | Reached XP level 3. HP: 33/33 MP: 3/3
  1743 | D:2      | Reached XP level 4. HP: 39/40 MP: 4/4
  2078 | D:2      | Found a burning altar of Makhleb.
  2915 | D:3      | Reached skill level 5 in Axes
  2915 | D:3      | Reached XP level 5. HP: 22/47 MP: 5/5
  3472 | D:3      | Noticed Ijyb
  3498 | D:3      | Killed Ijyb
  3738 | D:3      | Slain by a gnoll

Illustrated notes

Levels and vault maps discovered:
D:1:      lightli_arrival_flooded_house, layout_basic,
          dreamdust_ecumenical_altar_drowned_temple, minmay_distorted
D:2:      layout_loops_ring, basic_altar
D:3:      kennysheep_goblin_castle, layout_loops_ring, amethyst_killhole

Skill      XL: |  1  2  3  4 |
---------------+-------------+-----
Fighting       | 4 |  4.8
Stealth        | 2 |  2.8
Dodging        | 3 |  3.2
Axes           | 5 |  5.2

Action                   |  1- 3 |  4- 6 || total
-------------------------+-------+-------++-------
Melee: Hand axe          |    75 |   112 ||   187
       Dagger            |       |    22 ||    22
       Punch             |       |     3 ||     3
 Fire: Hunting sling     |       |    14 ||    14
Throw: Stone             |    23 |     5 ||    28
  Use: Scroll            |       |     6 ||     6
 Stab: Sleeping          |     3 |       ||     3
Armor: Leather armour    |     4 |       ||     4
       Ring mail         |    11 |       ||    11
       Scale mail        |     2 |    81 ||    83
Dodge: Dodged            |    37 |    85 ||   122
